Map: Thunderbird LE

Players

Jambo - Winner!

  • Race: Terran Terran
  • League: Master
  • Spawn Location: 11:00

Mez

  • Race: Terran Terran
  • League: Master
  • Spawn Location: 5:00

VOD

Have the link to the VOD?

Description

Time

  • Played on: Aug. 13, 2019, 9:24 a.m.
  • Length: 15:26
Show
View Real Time Build Order
Export as new Build Order

Jambo Terran - Winner!

Build Orders:  

Get SALT Encoding   

  12  0:00  SCV  
  13  0:12  SCV  
  14  0:17  Supply Depot  
  14  0:25  SCV  
  14  0:27  Refinery  
  15  0:38  SCV  
  16  0:45  Barracks  
  16  0:51  SCV  
  17  1:03  SCV  
  18  1:15  SCV  
  19  1:31  Orbital Command  
  20  1:32  Reaper  
  20  1:43  Command Center  
  20  1:55  Factory  
  20  1:57  SCV  
  21  2:04  Supply Depot  
  21  2:12  SCV  
  22  2:19  Barracks Reactor  
  22  2:22  Refinery  
  22  2:24  SCV  
  23  2:36  SCV  
  24  2:43  Factory Tech Lab  
  24  2:48  SCV  
  25  2:54  Marine  
  25  2:55  Marine  
  25  2:56  Orbital Command  
  27  2:58  Bunker  
  27  3:01  SCV  
  28  3:07  Cyclone  
  28  3:11  Starport  
  31  3:19  SCV, Marine  
  32  3:20  Marine  
  32  3:25  SCV  
  35  3:32  SCV  
  36  3:34  Refinery  
  36  3:37  SCV  
  36  3:40  Marine x2  
  39  3:44  SCV  
  40  3:49  SCV  
  40  3:50  Siege Tank  
  40  3:51  Starport Tech Lab  
  40  3:55  Supply Depot  
  44  3:57  Supply Depot  
  44  3:58  SCV  
  45  4:06  SCV  
  46  4:16  Raven, SCV, Marine x2  
  51  4:29  SCV x2  
  52  4:33  Command Center  
  52  4:38  Marine x2, Supply Depot  
  52  4:39  Siege Tank  
  52  4:41  SCV  
  52  4:42  SCV  
  59  4:53  SCV  
  59  4:54  SCV  
  60  5:06  SCV  
  55  5:12  SCV  
  54  5:16  Marine x2  
  54  5:17  Siege Tank  
  54  5:18  SCV  
  60  5:24  SCV  
  60  5:25  Raven  
  63  5:30  SCV  
  64  5:37  Barracks  
  64  5:40  SCV  
  64  5:42  Barracks  
  65  5:48  SCV  
  66  5:51  Refinery  
  66  5:52  Engineering Bay  
  66  5:53  Engineering Bay  
  66  5:56  Orbital Command  
  66  5:57  Marine x2  
  66  5:58  Siege Tank  
  66  6:02  SCV x2  
  73  6:05  Supply Depot  
  73  6:15  SCV x2, Marine x2  
  77  6:19  Starport Reactor  
  77  6:20  Terran Infantry Armor Level 1, Terran Infantry Weapons Level 1  
  77  6:25  SCV  
  78  6:30  Siege Tank  
  81  6:33  Stimpack, Marine x2  
  81  6:35  Marine  
  81  6:39  Orbital Command  
  84  6:40  Supply Depot  
  84  6:41  Supply Depot  
  84  6:44  SCV x2  
  86  6:50  Missile Turret  
  86  6:52  Missile Turret  
  86  6:57  Marine x2  
  88  7:02  SCV x2  
  88  7:04  Starport Reactor  
  85  7:17  Marine x5  
  85  7:18  Siege Tank  
  93  7:25  SCV x2  
  95  7:33  SCV, Armory, Barracks x2  
  95  7:34  Marine  
  95  7:35  Marine x2  
  95  7:37  SCV, Supply Depot  
  100  7:38  Supply Depot  
  100  7:39  SCV  
  101  7:45  SCV  
  101  7:49  SCV  
  101  7:51  SCV  
  104  7:53  Marine x3  
  104  7:54  Marine  
  104  7:55  Medivac  
  109  7:59  Siege Tank, SCV, Medivac  
  109  8:01  SCV  
  109  8:02  Refinery  
  109  8:03  SCV  
  117  8:05  Missile Turret  
  117  8:06  Missile Turret  
  117  8:10  Supply Depot x3  
  117  8:11  SCV  
  118  8:13  SCV  
  118  8:15  SCV  
  120  8:23  Missile Turret, SCV  
  120  8:25  Missile Turret, SCV  
  122  8:27  SCV  
  122  8:31  Barracks Reactor, Marine x4  
  122  8:32  Barracks Reactor, Marine  
  122  8:33  Combat Shield  
  127  8:35  SCV  
  127  8:39  Siege Tank, Medivac x2  
  127  8:40  SCV x2  
  137  8:48  Sensor Tower, Marine  
  137  8:49  Marine x3  
  137  8:50  Refinery  
  141  8:59  Marine  
  142  9:06  Marine x2  
  142  9:07  Marine x3  
  142  9:08  Marine x2  
  149  9:20  Terran Infantry Armor Level 2, Terran Infantry Weapons Level 2  
  149  9:25  Supply Depot x2  
  149  9:27  Supply Depot  
  149  9:34  Supply Depot x2  
  149  9:36  Missile Turret  
  149  9:38  Terran Vehicle Weapons Level 1  
  149  9:46  Marine x7, Medivac  
  149  9:47  Siege Tank, Marine, Medivac  
  149  9:52  Marine  
  149  9:58  Command Center  
  145  10:04  Marine x5  
  150  10:07  Barracks  
  150  10:09  Barracks  
  150  10:10  Factory  
  150  10:18  Missile Turret  
  150  10:19  Siege Tank  
  150  10:20  Marine  
  150  10:21  Marine x2, Medivac  
  156  10:22  Medivac  
  156  10:28  Supply Depot x2  
  159  10:32  Marine x4  
  163  10:40  Marine  
  163  10:41  Marine  
  165  10:49  Marine x3  
  167  10:50  Marine x3  
  171  10:57  Marine  
  171  10:59  Barracks Reactor  
  171  11:00  Barracks Reactor  
  172  11:07  Factory Tech Lab  
  158  11:21  Marine x2  
  158  11:22  Marine x6  
  158  11:23  Siege Tank  
  169  11:33  Marine  
  169  11:34  Siege Tank  
  169  11:39  Marine x2  
  175  11:40  Marine  
  175  11:41  Marine x3  
  178  11:55  Siege Tank  
  178  11:58  Marine x6  
  154  12:06  Siege Tank  
  153  12:09  Marine  
  153  12:10  Marine x6  
  153  12:11  Planetary Fortress  
  157  12:15  Marine  
  157  12:16  Marine x2  
  157  12:18  Terran Infantry Armor Level 3, Terran Infantry Weapons Level 3, Terran Vehicle Weapons Level 2  
  157  12:21  Marine x3  
  157  12:22  Medivac x2  
  159  12:27  Siege Tank, Marine x7  
  159  12:33  Marine x2  
  156  12:46  Marine  
  156  12:47  Marine x10  
  156  12:48  Siege Tank, Refinery, Command Center  
  170  12:51  Marine x2  
  172  13:04  Marine  
  172  13:05  Marine x8  
  168  13:07  Marine  
  168  13:08  Marine  
  168  13:09  Marine x2  
  173  13:13  Medivac x2  
  177  13:22  Marine  
  177  13:23  Refinery, Marine x6  
  177  13:25  Missile Turret  
  177  13:26  Missile Turret  
  184  13:27  Marine  
  184  13:28  Siege Tank, Marine x5  
  184  13:29  Siege Tank  
  196  13:40  Marine x4  
  200  14:09  Starport  
  200  14:11  Starport  
  200  14:14  Fusion Core  
  200  14:15  Starport  
  200  14:16  Starport  
  200  14:23  Marine  
  197  14:34  Marine x4  
  199  14:46  Command Center  
  199  14:51  Command Center  
  199  14:52  Command Center, Starport Tech Lab x3  
  199  14:53  Starport Tech Lab  
Show
View Real Time Build Order
Export as new Build Order

Mez Terran 

Build Orders: Liberator Opening, Reaper Expand 

Get SALT Encoding   

  12  0:00  SCV  
  13  0:12  SCV  
  14  0:17  Supply Depot  
  14  0:25  SCV  
  15  0:38  SCV  
  15  0:40  Barracks  
  16  0:44  Refinery  
  16  0:50  SCV  
  17  1:02  SCV  
  18  1:14  SCV  
  19  1:28  Reaper, Orbital Command  
  20  1:39  Command Center  
  20  1:47  Supply Depot  
  20  1:54  SCV  
  20  1:59  Marine  
  22  2:07  SCV  
  23  2:14  Factory  
  23  2:16  Refinery  
  23  2:21  Barracks Reactor  
  23  2:23  SCV  
  24  2:35  SCV  
  25  2:47  SCV  
  26  2:53  Orbital Command  
  26  3:02  Starport  
  26  3:05  SCV  
  27  3:07  Hellion x2  
  27  3:11  Barracks Tech Lab  
  31  3:17  SCV  
  31  3:19  SCV  
  33  3:22  Liberator  
  33  3:24  Supply Depot  
  33  3:28  Hellion x2  
  33  3:29  SCV  
  33  3:31  SCV, Marine  
  43  3:41  SCV  
  43  3:43  SCV  
  43  3:47  Supply Depot  
  45  3:49  Marine  
  45  3:53  SCV  
  45  3:55  Hellion x2  
  51  3:58  Stimpack  
  51  4:00  SCV  
  52  4:05  SCV  
  53  4:12  SCV, Supply Depot  
  54  4:17  SCV  
  54  4:32  SCV x2  
  56  4:39  Command Center  
  56  4:40  Factory Reactor  
  56  4:42  Starport Reactor  
  56  4:43  Marine  
  56  4:44  SCV x2, Barracks  
  59  4:46  Barracks  
  59  4:48  Supply Depot  
  59  4:56  SCV  
  47  5:16  SCV  
  47  5:19  SCV  
  49  5:23  Engineering Bay x2  
  49  5:26  Refinery x2, Marine  
  49  5:28  SCV  
  48  5:31  SCV  
  49  5:38  Marine x2, Medivac x2  
  49  5:39  Factory Tech Lab  
  49  5:40  SCV  
  56  5:44  Marine x2  
  56  5:46  Marine  
  56  5:48  Barracks  
  56  5:49  Barracks  
  59  5:50  Supply Depot  
  59  5:52  SCV x2  
  59  5:53  Orbital Command  
  59  5:56  Marine  
  62  6:00  Marine  
  62  6:02  Combat Shield, Marine x2  
  62  6:04  Marine  
  65  6:05  Siege Tank  
  65  6:09  SCV x2  
  65  6:10  Terran Infantry Armor Level 1, Terran Infantry Weapons Level 1  
  71  6:14  Marine  
  72  6:18  Marine  
  72  6:19  Marine  
  72  6:20  SCV  
  72  6:21  SCV x2  
  77  6:33  Marine x3, Supply Depot  
  77  6:35  Medivac x2  
  77  6:36  Marine  
  77  6:37  Barracks Reactor x2, Siege Tank, Marine  
  77  6:38  SCV x2  
  77  6:39  SCV  
  92  6:44  Supply Depot  
  92  6:49  Armory  
  92  6:50  SCV x2  
  92  6:52  Refinery, SCV  
  95  6:59  Supply Depot  
  95  7:02  SCV x2  
  87  7:21  Marine x9  
  87  7:22  Siege Tank  
  95  7:31  SCV x3  
  98  7:37  Factory  
  98  7:39  Refinery, Marine x7  
  98  7:42  Marine  
  98  7:43  SCV x3, Marine  
  110  7:44  Medivac x2  
  114  7:55  SCV x3  
  117  7:58  Marine x3  
  117  7:59  Marine x4  
  117  8:00  Marine  
  125  8:06  Supply Depot  
  125  8:07  Terran Infantry Armor Level 2, Terran Infantry Weapons Level 2, Supply Depot  
  125  8:09  Supply Depot  
  125  8:20  Supply Depot  
  125  8:25  Command Center  
  125  8:26  Terran Vehicle Weapons Level 1  
  125  8:27  SCV x2, Marine x6  
  125  8:29  SCV, Marine  
  125  8:31  Missile Turret  
  135  8:35  Missile Turret  
  135  8:40  SCV x2  
  137  8:49  Marine x9  
  137  8:50  Siege Tank, Factory Tech Lab  
  137  8:51  Medivac x2  
  145  9:05  Barracks  
  145  9:06  Marine, Barracks, Supply Depot  
  145  9:07  Marine x2  
  145  9:08  Barracks  
  148  9:11  Marine  
  148  9:12  Marine x4  
  153  9:22  Siege Tank  
  153  9:24  Marine  
  156  9:28  Siege Tank, Marine x3  
  156  9:29  Supply Depot  
  163  9:32  Starport  
  163  9:34  Starport  
  154  9:56  Barracks Reactor x3  
  154  10:06  Missile Turret  
  154  10:07  Missile Turret  
  154  10:08  Missile Turret  
  154  10:11  Missile Turret, Starport Reactor, Starport Tech Lab  
  154  10:14  Missile Turret  
  154  10:16  Fusion Core  
  154  10:24  SCV x3  
  157  10:28  Refinery  
  157  10:30  Marine  
  157  10:31  Marine x8  
  157  10:32  Terran Infantry Weapons Level 3  
  166  10:36  Refinery  
  166  10:48  Marine x2  
  168  10:51  Marine x3  
  168  10:54  Marine x6  
  168  10:55  Planetary Fortress  
  168  10:56  SCV x3  
  180  11:08  SCV x2  
  164  11:20  Marine  
  164  11:21  Marine x11  
  174  11:36  Marine x3  
  174  11:37  Siege Tank x2  
  174  11:38  Marine x2  
  170  11:57  Marine x14  
  148  12:14  Orbital Command  
  144  12:16  Marine x4  
  144  12:17  Marine  
  144  12:18  Marine x3  
  129  12:44  Missile Turret, Marine x11  
  130  12:45  Missile Turret x2  
  130  12:48  Supply Depot  
  130  12:49  Command Center  
  130  12:50  Supply Depot  
  140  12:51  Supply Depot  
  140  12:52  Marine  
  140  12:53  Siege Tank, Supply Depot  
  137  13:11  Marine x7  
  137  13:12  Marine x2  
  138  13:13  Viking  
  138  13:16  Viking  
  142  13:21  Supply Depot  
  142  13:33  Sensor Tower  
  142  13:42  Command Center  
  142  13:53  Siege Tank x2  
  148  14:08  Marine x4  
  137  14:25  Siege Tank x2  
  137  14:30  Medivac x2  
  138  14:37  Command Center  
  134  14:46  Marine x9  
  149  15:04  Marine x6  
Tags
 
Add a new tag
Caveats
  • Supply blocks, unpowered buildings, or Contaminate may cause inaccurate times.
  • Supply counts are checked every 10 seconds.